AoeStats
← Khirs

Black Forest

509429690Analyzed
4v4 RM · 5d ago on Sep 26, 2026· 52m 45s· 8 players
Game mode
Random Map
Map size
Large (8 player)
Population
200
Speed
Normal
Resources
Standard
Victory
Conquest
Starting age
Dark Age
Ending age
Imperial Age
RankedLock teamsTeams togetherTeam positionsShared explorationLock speedFull tech treeHidden civsTurbo modeCheats
Victory
Defeat
🇺🇸 Italians · United States
867
+10
🇹🇷 Franks · Türkiye
849
+10
🇨🇭 Vietnamese · Switzerland
848
+10
🇳🇱 Ethiopians · Netherlands
834
+11
🇫🇷 Byzantines · France
753
-11
🇪🇸 Teutons · Spain
736
-10
🇫🇷 Goths · France
728
-11
🇨🇭 Hindustanis · Switzerland
671
-16
Henri André
0:26 Loom
13:20 Feudal Age
18:45 Castle Age
17:05 Double-Bit Axe
17:03 Horse Collar
17:43 Stone Mining
18:59 Wheelbarrow
20:26 Bow Saw
20:18 Heavy Plow
28:54 Imperial Age
27:03 Stone Mining
28:47 Hand Cart
29:57 Caravan
33:45 Two-Man Saw
33:46 Padded Archer Armor
34:24 Conscription
34:27 Elite Skirmisher
35:47 Scale Barding Armor
35:58 Leather Archer Armor
35:54 Forging
35:34 Fletching
36:30 Logistica
35:58 Elite Cataphract
39:28 Chemistry
38:49 Ballistics
38:57 Chain Barding Armor
39:09 Ring Archer Armor
39:15 Iron Casting
40:15 Guilds
41:29 Bodkin Arrow
42:10 Plate Barding Armor
47:44 Pikeman
48:27 Squires
G0reField
12:52 Feudal Age
18:13 Castle Age
16:05 Double-Bit Axe
20:30 Bow Saw
22:56 Wheelbarrow
22:51 Gold Mining
23:52 Horse Collar
25:32 Hand Cart
25:21 Fishing Lines
28:01 Gillnets
28:40 Heavy Plow
34:25 Imperial Age
34:21 Anarchy
34:37 Forging
34:29 Scale Mail Armor
35:31 Conscription
35:20 Perfusion
34:42 Elite Huskarl
36:01 Iron Casting
36:48 Squires
38:34 Blast Furnace
37:49 Chain Mail Armor
38:04 Pikeman
Khirs
0:39 Loom
15:52 Feudal Age
17:06 Double-Bit Axe
17:05 Horse Collar
18:46 Wheelbarrow
22:49 Castle Age
21:04 Stone Mining
21:47 Gold Mining
21:52 Fletching
24:09 Stone Shaft Mining
23:38 Heavy Plow
25:27 Bow Saw
25:43 Bodkin Arrow
26:09 Fortified Wall
32:26 Ironclad
35:18 Imperial Age
33:23 Ballistics
34:13 Hand Cart
34:45 Forging
35:19 Scale Mail Armor
35:33 Masonry
34:59 Pikeman
35:33 Gambesons
36:33 Crop Rotation
37:15 Two-Man Saw
35:43 Halberdier
37:24 Conscription
38:08 Chemistry
39:00 Iron Casting
38:58 Scale Barding Armor
38:48 Onager
39:25 Cavalier
41:56 Chain Barding Armor
41:58 Paladin
44:10 Siege Engineers
45:21 Siege Onager
Geneviève V.
13:06 Feudal Age
14:33 Wheelbarrow
13:49 Double-Bit Axe
14:04 Horse Collar
14:39 Stone Mining
14:44 Gold Mining
24:18 Castle Age
23:19 Forging
24:05 Bloodlines
23:55 Arson
23:31 Man-at-Arms
25:31 Bow Saw
26:10 Heavy Plow
27:05 Stone Shaft Mining
27:16 Gold Shaft Mining
26:53 Husbandry
26:14 Light Cavalry
28:02 Hand Cart
28:06 Scale Mail Armor
27:37 Elite Skirmisher
28:26 Squires
28:57 Crossbowman
29:00 Pikeman
31:29 Iron Casting
30:21 Long Swordsman
32:40 Ballistics
32:32 Masonry
32:29 Scale Barding Armor
32:55 Thumb Ring
35:10 Padded Archer Armor
39:38 Imperial Age
37:32 Chain Mail Armor
39:18 Grand Trunk Road
40:20 Chain Barding Armor
40:16 Leather Archer Armor
39:53 Fletching
41:51 Conscription
40:54 Two-Handed Swordsman
42:18 Plate Barding Armor
41:37 Heavy Camel Rider
43:34 Champion
45:17 Town Watch
45:18 Loom
46:10 Town Patrol
Sm0k1nG040
13:07 Feudal Age
14:14 Double-Bit Axe
16:43 Castle Age
15:56 Horse Collar
17:33 Wheelbarrow
19:40 Bow Saw
22:52 Heavy Plow
23:11 Gold Mining
24:27 Gold Shaft Mining
31:35 Imperial Age
30:09 Thumb Ring
29:30 Crossbowman
30:45 Loom
30:54 Fletching
31:05 Padded Archer Armor
31:44 Ballistics
31:35 Bodkin Arrow
31:55 Caravan
32:46 Leather Archer Armor
33:38 Chemistry
33:45 Two-Man Saw
33:35 Conscription
33:03 Arbalester
34:09 Bracer
37:47 Coinage
48:22 Husbandry
47:45 Cavalier
50:12 Scale Barding Armor
50:18 Forging
51:14 Chain Barding Armor
51:48 Light Cavalry
vino102284
0:29 Loom
13:47 Feudal Age
14:23 Horse Collar
14:43 Double-Bit Axe
22:56 Castle Age
21:50 Gold Mining
21:56 Stone Mining
22:45 Wheelbarrow
24:03 Town Watch
24:21 Heavy Plow
25:00 Stone Shaft Mining
25:58 Bow Saw
29:34 Caravan
30:15 Hand Cart
30:42 Padded Archer Armor
36:38 Imperial Age
35:01 Leather Archer Armor
34:37 Fletching
37:13 Ballistics
36:54 Bodkin Arrow
38:27 Chemistry
37:43 Town Patrol
38:50 Two-Man Saw
37:35 Elite Genoese Crossbowman
39:03 Ring Archer Armor
39:49 Bracer
luzmamera2
0:37 Loom
12:13 Feudal Age
12:48 Double-Bit Axe
22:12 Castle Age
20:46 Stone Mining
23:27 Bow Saw
24:17 Fishing Lines
25:25 Wheelbarrow
26:41 Hand Cart
27:14 Gold Mining
28:00 Stone Shaft Mining
30:22 Fortified Wall
30:08 Murder Holes
30:10 Gillnets
30:32 Padded Archer Armor
30:22 Fletching
31:53 Caravan
33:50 Leather Archer Armor
33:32 Bodkin Arrow
34:00 Ballistics
36:10 Scale Mail Armor
36:21 Forging
36:27 Masonry
38:58 Imperial Age
38:06 Chain Mail Armor
38:27 Iron Casting
38:18 Pikeman
38:59 Squires
38:45 Arson
40:48 Two-Man Saw
40:41 Ring Archer Armor
40:12 Bracer
41:14 Chemistry
40:20 Siege Engineers
39:58 Elite Skirmisher
40:06 Elite Fire Lancer
41:49 Thumb Ring
43:04 Plate Mail Armor
44:06 Imperial Skirmisher
46:17 Man-at-Arms
49:19 Long Swordsman
50:11 Two-Handed Swordsman
MiyamotoMusashi27
11:56 Feudal Age
11:53 Loom
13:38 Double-Bit Axe
14:19 Fishing Lines
20:03 Wheelbarrow
21:29 Castle Age
24:06 Bow Saw
25:18 Caravan
25:49 Coinage
25:47 Gillnets
29:17 Hand Cart
33:15 Imperial Age
33:13 Ballistics
32:35 Treadmill Crane
33:26 Gold Mining
33:32 Stone Mining
34:36 Banking
35:58 Chemistry
35:15 Town Watch
35:42 Scale Barding Armor
35:48 Forging
35:45 Husbandry
35:05 Cavalier
36:19 Town Patrol
37:55 Gold Shaft Mining
37:49 Conscription
38:41 Chivalry
38:15 Paladin
40:33 Chain Barding Armor
40:49 Iron Casting
44:22 Plate Barding Armor
44:48 Blast Furnace
43:40 Fletching
Connection lost

Rejoining the realm…

Still unreachable

The connection could not be restored.

Session expired

The server has moved on; the page needs a fresh start.